AoeStats
← mandalvarado

Arena

510410512Analyzed
4v4 RM · 3d ago on Sep 30, 2026· 21m 52s· 8 players
Game mode
Random Map
Map size
Large (8 player)
Population
200
Speed
Normal
Resources
Standard
Victory
Conquest
Starting age
Dark Age
Ending age
Imperial Age
RankedLock teamsTeams togetherTeam positionsShared explorationLock speedFull tech treeHidden civsTurbo modeCheats
Victory
Defeat
🇺🇸 Persians · United States
980
+12
🇵🇪 Khmer · Peru
912
+14
🇺🇸 Bohemians · United States
900
+15
🇺🇸 Spanish · United States
819
+18
🇨🇴 Lithuanians · Colombia
924
-17
🇧🇷 Turks · Brazil
876
-15
🇬🇧 Italians · United Kingdom
866
-14
🇨🇷 Aztecs · Costa Rica
843
-13
andrewcm20
poncho_knz
8:30 Loom
10:54 Loom
13:30 Feudal Age
14:58 Double-Bit Axe
17:18 Castle Age
21:23 Imperial Age
mandalvarado
2:36 Loom
tts.engamb
krook
10:05 Feudal Age
15:43 Castle Age
18:50 Loom
19:28 Double-Bit Axe
huntrixLoL
0:38 Loom
18:40 Feudal Age
19:30 Double-Bit Axe
Booger Flicker X
10:46 Feudal Age
11:08 Loom
14:39 Castle Age
OSITOCRACKYT
2:44 Loom
12:06 Feudal Age
15:56 Castle Age
14:35 Double-Bit Axe
15:16 Horse Collar
17:49 Bow Saw
17:42 Heavy Plow
20:04 Forging
20:00 Scale Barding Armor
21:19 Light Cavalry
22:12 Husbandry
Connection lost

Rejoining the realm…

Still unreachable

The connection could not be restored.

Session expired

The server has moved on; the page needs a fresh start.